 Dungeon Crawl Stone Soup version 0.31-a0-489-g282fc92437 (webtiles) character file.

Game seed: 14141126217262718723

53 Ethylacetat the Cutter (level 3, -2/25 HPs)
             Began as an Octopode Gladiator on Aug 8, 2023.
             Slain by a gnoll
             ... wielding a +0 halberd
              (9 damage)
             ... on level 3 of the Dungeon.
             The game lasted 00:01:37 (1699 turns).

Ethylacetat the Cutter (Octopode Gladiator)         Turns: 1699, Time: 00:01:37

Health: -2/25      AC:  1    Str: 11    XL:     3   Next: 87%
Magic:  3/3        EV: 13    Int: 10    God:
Gold:   152        SH:  0    Dex: 10    Spells: 2/2 levels left

rFire   . . .        n - +5 mace of the Morning {freeze, rPois rC++ Str-2 Dex-5}
rCold   + + .        (no shield)
rNeg    . . .        b - melded +0 hat
rPois   +            (no amulet)
rElec   .            (no ring)
rCorr   .            (no ring)
SInv    .            (no ring)
Will    .....        (no ring)
Stlth   +++          (no ring)
HPRegen 0.24/turn    (no ring)
MPRegen 0.08/turn    (no ring)
                     (no ring)

%: no passive effects
@: beast-form
A: beast (slay +0), almost no armour, amphibious, 8 rings, camouflage 1,
gelatinous body 1, (nimble swimmer 1), tentacles
a: Begin Untransformation


You were on level 3 of the Dungeon.
You were a hulking beast.
You visited 1 branch of the dungeon, and saw 3 of its levels.

You collected 152 gold pieces.

Inventory:

Hand Weapons
 a - a +0 rapier
 n - the +5 mace of the Morning (weapon) {freeze, rPois rC++ Str-2 Dex-5}
   (You found it on level 2 of the Dungeon)

   Str:       It affects your strength (-2).
   Dex:       It affects your dexterity (-5).
   rC:        It greatly protects you from cold.
   rPois:     It protects you from poison.
Missiles
 c - 3 throwing nets (quivered)
 d - a javelin
Armour
 b - a +0 hat (melded)
Talismans
 i - a beast talisman (active)
Scrolls
 e - 2 scrolls of revelation {unknown}
 f - a scroll of amnesia {unknown}
 g - 2 scrolls of identify {unknown}
 j - a scroll of immolation {unknown}
 o - a scroll of poison {unknown}
Potions
 h - a potion of degeneration {unknown}
 k - a potion of brilliance {unknown}
 l - a potion of attraction {unknown}
 m - 2 potions of haste {unknown}


   Skills:
 + Level 2.4 Fighting
 - Level 3.4 Short Blades
 + Level 0.0 Maces & Flails
 - Level 2.0 Throwing
 + Level 3.4 Dodging
 + Level 1.8 Stealth
 * Level 0.9 Shapeshifting


You had 2 spell levels left.
You didn't know any spells.
Your spell library was empty.

Dungeon Overview and Level Annotations

Branches:
Dungeon (3/15)

Altars:


Innate Abilities, Weirdness & Mutations

You are a hulking beast.
Your limbs bulge with bestial killing power. (Slay +0)
You cannot wear most types of armour.
You are amphibious.
You can wear up to eight rings at the same time.
Your skin changes colour to match your surroundings (Stealth+).
Your rubbery body absorbs attacks. (AC +1, EV +1)
((You are camouflaged when in or above water. (Stealth+)))
You have tentacles for arms and can constrict up to eight enemies at once.


Message History

No target in view!
Done exploring.
No target in view!
No target in view!
Press: ? - help, v - describe, . - travel The floor.
Press: ? - help, v - describe, . - travel The floor.
There is a stone staircase leading down here.
You climb downwards.
There is a stone staircase leading up here.
No target in view!
A kobold comes into view. It is wielding a +0 dagger.
Found 5 stones.
Found a stone staircase leading down.
The kobold shouts!
You thump the kobold! You freeze the kobold.
You kill the kobold!
You see here a +0 dagger.
A gnoll comes into view. It is wielding a +0 halberd.
You see here 19 gold pieces.
A gnoll comes into view. It is wielding a +0 club.
The gnoll shouts!
The gnoll moves out of view.
A gnoll comes into view.
It is wielding a +1 halberd of holy wrath.
The gnoll shouts!
There are monsters nearby!
The gnoll barely misses you.
You closely miss the gnoll. Your grab misses the gnoll.
The gnoll closely misses you. The gnoll hits you with a +0 club.
The gnoll closely misses you.
There are monsters nearby!
You thump the gnoll! You freeze the gnoll. You grab the gnoll.
You squeeze the gnoll.
You kill the gnoll!
The gnoll hits you from afar with a +1 halberd of holy wrath!
The gnoll barely misses you.
The gnoll hits you from afar with a +1 halberd of holy wrath!
* * * LOW HITPOINT WARNING * * *
The gnoll hits you with a +0 halberd!
You die...

...... #...#######.
#...# #.#....# .
#...# #.##.#.# #
#...#####.##...#
#.....$...##.#...#
#............##.....
#...............####
#...#####.##.##.#
+.)h# #.##.# # +.g.#
#.##.. #..g# #.###.#
#...# #.. .. #....
### ... #.... .....
..#....


You could see 2 gnolls.

Vanquished Creatures
  A gnoll (D:3)
  An adder (D:2)
  4 dart slugs (D:1)
  4 endoplasms
  A giant cockroach (D:1)
  4 goblins
  2 hobgoblins (D:2)
  2 jackals (D:1)
  2 kobolds
  2 quokkas (D:1)
  4 ball pythons
  5 bats
  A frilled lizard (D:1)
  2 rats
35 creatures vanquished.

Notes
Turn   | Place    | Note
-------+----------+-------------------------------------------
     0 | D:1      | Ethylacetat the Octopode Gladiator began the quest for the
                  | Orb.
     0 | D:1      | Reached XP level 1. HP: 14/14 MP: 1/1
   248 | D:1      | Reached skill level 1 in Stealth
   248 | D:1      | Reached XP level 2. HP: 19/19 MP: 2/2
   424 | D:1      | Reached XP level 3. HP: 12/25 MP: 3/3
  1359 | D:2      | Identified the +5 mace of the Morning {freeze, rPois rC++
                  | Str-2 Dex-5}
  1699 | D:3      | Slain by a gnoll

Illustrated notes

Levels and vault maps discovered:
D:1:      dpeg_arrival_more_subterranean_lakeside_camping, layout_loops_corners,
          nicolae_hexahallways
D:2:      layout_loops_cross
D:3:      layout_loops_cross, zin_purify, kennysheep_big_empty_room,
          kennysheep_potato

Skill      XL: |  1 |
---------------+----+-----
Stealth        | 1 |  1.8
Fighting       | |  2.4
Short Blades   | |  3.4
Throwing       | |  2.0
Dodging        | |  3.4
Shapeshifting  | |  0.9

Action                     || total
---------------------------++-------
  Melee: Rapier            ||    55
         Constrict         ||    14
         Tentacles         ||     5
         Mace              ||     5
   Stab: Sleeping          ||    11
 Armour: Skin              ||     2
  Dodge: Dodged            ||    46
   Form: Beast             ||     1

Table legend: (Time is in decaauts)
 A = Elapsed time spent in this place.
 B = Non-inter-level travel time spent in this place.
 C = Inter-level travel time spent in this place.
 D = Time resting spent in this place.
 E = Time spent auto-exploring this place.
 F = Levels seen in this place.
 G = Mean time per level.
                   A        B        C        D        E       F      G
               +--------+--------+--------+--------+--------+-----+--------+
         Total |   1702 |   1627 |     75 |      0 |   1408 |   3 |  567.3 |
       Dungeon |   1702 |   1627 |     75 |      0 |   1408 |   3 |  567.3 |
               +--------+--------+--------+--------+--------+-----+--------+

Top non-repeatable levels by time:
     D:1: 1022 daAuts
     D:2: 648 daAuts
     D:3: 31 daAuts
